 Dungeon Sprint DCSS version 0.18-b1-16-g289874d (webtiles) character file.

4022 Kidiri the Covert (level 10, -8/51 HPs)
             Began as a Spriggan Enchanter on May 1, 2016.
             Was a Priest of Dithmenos.
             Mangled by a kraken (34 damage)
             ... in the Dungeon (Sprint II: "The Violet Keep of Menkaure").
             The game lasted 02:16:24 (1151 turns).

Kidiri the Covert (Spriggan Enchanter)              Turns: 1151, Time: 02:16:24

Health: -8/51      AC:  3    Str:  1    XL:     10   Next: 4%
Magic:  9/26       EV: 33    Int: 18    God:    Dithmenos [***...]
Gold:   785        SH:  0    Dex: 28    Spells: 5 memorised, 19 levels left

rFire  . . .     SeeInvis +     f - +5 short sword
rCold  . . .     Gourm    .     b - +1 robe
rNeg   + . .     Faith    .     (shield restricted)
rPois  .         Spirit   .     (helmet restricted)
rElec  .         Dismiss  .     (no cloak)
rCorr  .         Reflect  .     (gloves unavailable)
SustAt .         Harm     .     (boots unavailable)
MR     ++...     NoTele   +     k - amulet of rage
Stlth  +++++++++.               (no ring)
                                e - ring of Brilliance {rN+ MR+ Str-3 Dex+9}

@: very slightly contaminated, wreathed by umbra, drained, very quick, very
resistant to hostile enchantments, incredibly stealthy
A: unfitting armour, see invisible, herbivore 3, speed 3, slow metabolism 2
a: Shadow Step, Renounce Religion, Evoke Berserk Rage


You were in the Dungeon.
You worshipped Dithmenos.
Dithmenos was most pleased with you.
You were not hungry.

You visited 1 branch You collected 1528 gold pieces.
You spent 743 gold pieces at shops.

Inventory:

Hand Weapons
 a - a +1 dagger
 f - a +5 short sword (weapon)
Armour
 b - a +1 robe (worn)
Jewellery
 e - the ring of Brilliance (left hand) {rN+ MR+ Str-3 Dex+9}
   (You bought it in a shop in the Dungeon)

   [ring of protection from magic]

   It affects your strength (-3).
   It affects your dexterity (+9).
   It protects you from negative energy.
   It affects your resistance to hostile enchantments.
 k - an amulet of rage (around neck)
 w - an uncursed amulet of harm
Scrolls
 i - a scroll of magic mapping {unknown}
 j - 2 scrolls of blinking
 m - 2 scrolls of enchant armour {unknown}
 n - 2 scrolls of remove curse {unknown}
 o - 2 scrolls of random uselessness {unknown}
 q - a scroll of enchant weapon {unknown}
 s - a scroll of recharging {unknown}
 t - a scroll of identify {unknown}
 x - a scroll of fear {unknown}
Potions
 g - a potion of haste
 h - 5 potions of magic
 l - 3 potions of resistance {unknown}
 p - 4 potions of flight {unknown}
 r - a potion of lignification {unknown}
 u - 2 potions of curing
Books
 c - a book of Maledictions

   Spells                             Type                      Level
   a - Corona                         Hexes                        1
   b - Ensorcelled Hibernation        Hexes/Ice                    2
   c - Confuse                        Hexes                        3
   d - Tukima's Dance                 Hexes                        3
   e - Dazzling Spray                 Conjuration/Hexes            3
Comestibles
 d - 2 bread rations
 v - 3 fruits


   Skills:
 + Level 5.3(4.1) Fighting
 * Level 10.2(8.8) Short Blades
 + Level 4.9(3.7) Armour
 * Level 13.2(11.8) Dodging
 * Level 14.4(12.9) Stealth
 * Level 11.3(9.9) Spellcasting
 + Level 3.9(2.8) Conjurations
 + Level 8.7(7.4) Hexes
 + Level 5.3(4.1) Ice Magic
 + Level 3.6(2.5) Invocations


You had 19 spell levels left.
You knew the following spells:

 Your Spells              Type           Power        Failure   Level  Hunger
a - Corona                Hex            #####..      1%          1    None
b - Ensorcelled Hibernat  Hex/Ice        ####..       1%          2    None
c - Confuse               Hex            #####...     1%          3    None
d - Tukima's Dance        Hex            #####...     1%          3    None
e - Dazzling Spray        Conj/Hex       ####....     2%          3    None


Dungeon Overview and Level Annotations

Branches:
Dungeon (1/1)

Altars:
Cheibriados
Dithmenos
Elyvilon
Fedhas
Gozag
Kikubaaqudgha
Makhleb
Nemelex Xobeh
Okawaru
Pakellas
Qazlal
Ru
Sif Muna
Trog
Vehumet
Xom
Yredelemnul
Zin
The Shining One
Beogh
Jiyva
Lugonu

Shops:
D =::}%*}![?(=:=![

Annotations:
D exclusions: oklob plant and yaktaur captain, Kirke


Innate Abilities, Weirdness & Mutations

You are tiny and cannot use many weapons and most armour.
You have supernaturally acute eyesight.
You are a herbivore.
You cover ground extremely quickly.
You need consume almost no food.


Message History

Aiming: Ensorcelled Hibernation
Press: ? - help, Shift-Dir - straight line, f/p - kraken
Aim: a kraken (water, lightly wounded, umbra, chance to defeat MR: 24%)
The kraken looks drowsy...
The helpless kraken fails to defend itself.
You stick the kraken like a pincushion!!!!
The kraken is severely wounded.
Tentacles burst out of the water! 4 tentacles come into view.
Unknown command.
Casting: Ensorcelled Hibernation
Confirm with . or Enter, or press ? or * to list all spells.
Aiming: Dazzling Spray
Press: ? - help, Shift-Dir - straight line, f - tentacle, p - kraken
Aim: a tentacle (water, umbra)
You miscast Dazzling Spray.
You are very lightly contaminated with residual magic.
Nothing appears to happen.
The kraken bites you!!
Ouch! That really hurt!
You die...

.# #")▓....%%..▓▓
.####|)▓.[([(..)▓▓
...####▓.)......▓▓
#..##.#▓.%.....(▓▓
+..#..#▓[..).)..▓▓
#..#..#▓(..[.))(▓▓
#..##.#▓.(%..(.%▓▓
##^..##▓▓▓▓▓▓▓'▓▓▓▓+▓
.≈≈)≈≈≈≈≈≈≈≈≈≈..@Xw≈▓
.≈#+########+###www≈▓
.≈#_._.....#t§§##≈≈≈▓
§≈#._._....#§§§§####▓
§≈#_._._...#§≈§§≈#
≈≈#._._._..#§≈§§§≈
≈≈#_%_._._.#≈§≈≈§
≈≈#._._._..#≈≈§§§
≈≈#.._._._.#≈§§


You could see a kraken and 4 tentacles.

Vanquished Creatures
  2 hell hogs (D)
  2 spiny frogs (D)
  A yaktaur (D)
  2 polar bears (D)
  2 boulder beetles (D)
  4 neqoxecs (D)
  Menkaure (D)
  A wasp (D)
  4 necrophages (D)
  A crocodile (D)
  A scorpion (D)
  A spectral adder (D)
  3 worms (D)
  A spectral jackal (D)
  A tentacle (D)
27 creatures vanquished.

Vanquished Creatures (others)
  A polar bear (D)
  15 tentacles (D)
  264 tentacle segments (D)
280 creatures vanquished.

Grand Total: 307 creatures vanquished

Notes
Turn   | Place    | Note
--------------------------------------------------------------
     0 | D        | Kidiri the Spriggan Enchanter began the quest for the Orb.
     0 | D        | Reached XP level 1. HP: 9/9 MP: 5/5
     1 | D        | Noticed a necrophage
     1 | D        | Noticed a necrophage
     1 | D        | Noticed a necrophage
     1 | D        | Noticed a necrophage
     4 | D        | Noticed a boulder beetle
     4 | D        | Noticed a boulder beetle
     7 | D        | Noticed a neqoxec
     7 | D        | Noticed a neqoxec
     7 | D        | Noticed a neqoxec
     7 | D        | Noticed a neqoxec
    31 | D        | Reached skill level 5 in Stealth
   105 | D        | Reached XP level 2. HP: 14/14 MP: 5/7
   115 | D        | Learned a level 2 spell: Ensorcelled Hibernation
   167 | D        | Killed a necrophage
   167 | D        | Reached skill level 1 in Fighting
   167 | D        | Reached skill level 1 in Armour
   167 | D        | Reached skill level 7 in Stealth
   167 | D        | Reached skill level 5 in Spellcasting
   167 | D        | Reached skill level 1 in Ice Magic
   167 | D        | Reached XP level 3. HP: 7/16 MP: 5/10
   167 | D        | Reached XP level 4. HP: 9/21 MP: 6/12
   173 | D        | Learned a level 3 spell: Confuse
   190 | D        | Noticed an obsidian statue
   202 | D        | Killed a necrophage
   202 | D        | Reached skill level 8 in Stealth
   202 | D        | Reached skill level 5 in Hexes
   202 | D        | Reached XP level 5. HP: 20/27 MP: 4/14
   205 | D        | Killed a necrophage
   205 | D        | Reached skill level 5 in Short Blades
   205 | D        | Reached skill level 9 in Stealth
   210 | D        | Killed a necrophage
   210 | D        | Reached XP level 6. HP: 24/32 MP: 2/17
   223 | D        | Learned a level 3 spell: Tukima's Dance
   227 | D        | Learned a level 3 spell: Dazzling Spray
   337 | D        | Killed a boulder beetle
   337 | D        | Reached skill level 10 in Stealth
   539 | D        | Killed a boulder beetle
   539 | D        | Reached skill level 1 in Conjurations
   539 | D        | Reached XP level 7. HP: 36/36 MP: 13/19
   582 | D        | Killed a neqoxec
   582 | D        | Reached skill level 10 in Dodging
   582 | D        | Reached skill level 11 in Stealth
   584 | D        | Killed a neqoxec
   586 | D        | Killed a neqoxec
   586 | D        | Reached XP level 8. HP: 42/42 MP: 20/22
   611 | D        | Noticed Menkaure
   612 | D        | Noticed Kirke
   612 | D        | Noticed a skeletal warrior
   612 | D        | Noticed a yaktaur captain
   613 | D        | Killed Menkaure
   613 | D        | Reached skill level 12 in Stealth
   631 | D        | Noticed a flying skull
   631 | D        | Noticed a flying skull
   631 | D        | Noticed a flying skull
   632 | D        | Noticed a flying skull
   632 | D        | Noticed a flying skull
   632 | D        | Noticed a flying skull
   632 | D        | Noticed a flying skull
   635 | D        | Noticed a flying skull
   635 | D        | Noticed a flying skull
   635 | D        | Noticed a flying skull
   636 | D        | Noticed a flying skull
   636 | D        | Noticed a flying skull
   643 | D        | Found Fomyju Ufino's Antique Armour Shop.
   644 | D        | Found Uxovos's Jewellery Shop.
   644 | D        | Found Weoviyt's Book Boutique.
   644 | D        | Found Maad's Distillery.
   651 | D        | Found Xeamesm's Magic Scroll Boutique.
   651 | D        | Found Iceu's Antique Armour Shop.
   653 | D        | Found Vepumev's Antique Weapon Shop.
   653 | D        | Found Tani's Gadget Boutique.
   653 | D        | Found Quton's Jewellery Shop.
   653 | D        | Found Ukurgh's Assorted Antiques.
   654 | D        | Found Hima's Distillery.
   656 | D        | Found Nitida's Food Shop.
   657 | D        | Found Yris's Gadget Boutique.
   657 | D        | Found Mamunt's Book Shop.
   657 | D        | Noticed a griffon
   657 | D        | Noticed a griffon
   657 | D        | Noticed a griffon
   657 | D        | Noticed an oklob plant
   658 | D        | Found Doogaff's Book Shoppe.
   658 | D        | Found Kahyza Zimi's Jewellery Boutique.
   659 | D        | Noticed an unseen horror
   660 | D        | Noticed an unseen horror
   685 | D        | Bought the ring of Brilliance {rN+ MR+ Str-3 Dex+9} for 683 gold pieces
   702 | D        | Bought a runed short sword for 60 gold pieces
   729 | D        | Found a radiant altar of Vehumet.
   729 | D        | Found a white marble altar of Elyvilon.
   729 | D        | Found an ancient bone altar of Kikubaaqudgha.
   734 | D        | Found an iron altar of Okawaru.
   734 | D        | Found a glowing silver altar of Zin.
   735 | D        | Found a roughly hewn altar of Beogh.
   735 | D        | Found a deep blue altar of Sif Muna.
   735 | D        | Found a sparkling altar of Nemelex Xobeh.
   736 | D        | Found a glowing golden altar of the Shining One.
   736 | D        | Found a viscous altar of Jiyva.
   736 | D        | Found a shimmering altar of Xom.
   736 | D        | Found a shadowy altar of Dithmenos.
   737 | D        | Found a snail-covered altar of Cheibriados.
   737 | D        | Found an opulent altar of Gozag.
   737 | D        | Found a stormy altar of Qazlal.
   737 | D        | Found a basalt altar of Yredelemnul.
   738 | D        | Found a burning altar of Makhleb.
   738 | D        | Found an oddly glowing altar of Pakellas.
   739 | D        | Found a bloodstained altar of Trog.
   740 | D        | Noticed a polar bear
   742 | D        | Found a sacrificial altar of Ru.
   743 | D        | Found a blossoming altar of Fedhas.
   743 | D        | Found a corrupted altar of Lugonu.
   743 | D        | Noticed a yaktaur
   750 | D        | Became a worshipper of Yredelemnul the Dark
   752 | D        | Fell from the grace of Yredelemnul
   752 | D        | Became a worshipper of Dithmenos the Shadowed
   759 | D        | Noticed a polar bear
   762 | D        | Noticed a polar bear
   762 | D        | Killed a polar bear
   762 | D        | Reached skill level 1 in Invocations
   780 | D        | Killed a yaktaur
   780 | D        | Reached * piety under Dithmenos
   780 | D        | Reached skill level 10 in Spellcasting
   784 | D        | Killed a polar bear
   784 | D        | Reached skill level 13 in Stealth
   784 | D        | Reached XP level 9. HP: 46/46 MP: 9/24
   794 | D        | Killed a polar bear
   830 | D        | Reached ** piety under Dithmenos
   840 | D        | Noticed a spiny frog
   841 | D        | Noticed a spiny frog
   842 | D        | Killed a spiny frog
   844 | D        | Killed a spiny frog
   844 | D        | Reached skill level 5 in Fighting
   849 | D        | Noticed a deep elf master archer
   852 | D        | Noticed a hell hog
   852 | D        | Noticed a hell hog
   854 | D        | Killed a hell hog
   854 | D        | Reached *** piety under Dithmenos
   854 | D        | Reached skill level 14 in Stealth
   854 | D        | Reached skill level 5 in Ice Magic
   856 | D        | Killed a hell hog
   856 | D        | Reached skill level 10 in Short Blades
   856 | D        | Reached XP level 10. HP: 51/51 MP: 18/26
   884 | D        | Noticed a kraken
  1151 | D        | Mangled by a kraken

Skill      XL: |  1  2  3  4  5  6  7  8  9 |
---------------+----------------------------+-----
Spellcasting   | 3 5 6 7 8 9 10 11 | 11.3
Dodging        | 4 6 7 8 9 10 11 13 | 13.2
Stealth        | 5 7 8 9 10 11 13 14 | 14.4
Fighting       | 1 2 3 4 5 |  5.3
Short Blades   | 3 4 5 6 7 8 10 | 10.2
Armour         | 1 2 3 4 |  4.9
Hexes          | 4 5 6 7 8 |  8.7
Ice Magic      | 1 2 3 4 5 |  5.3
Conjurations   | 1 2 3 |  3.9
Invocations    | 1 3 |  3.6

Action                   |  1- 3 |  4- 6 |  7- 9 | 10-12 || total
-------------------------+-------+-------+-------+-------++-------
Melee: Dagger            |    21 |    49 |     7 |       ||    77
       Short sword       |       |       |    25 |     5 ||    30
 Cast: Corona            |     4 |       |       |       ||     4
       Ensorcelled Hiber |     1 |     3 |     5 |     6 ||    15
       Confuse           |       |     6 |     4 |       ||    10
       Dazzling Spray    |       |     2 |       |     3 ||     5
  Use: Potion            |     2 |     1 |       |       ||     3
 Stab: Sleeping          |     2 |     1 |    12 |     1 ||    16
       Confused          |       |     8 |     4 |       ||    12
       Invisible         |       |     1 |       |     1 ||     2
       Distracted        |       |       |     1 |       ||     1
Armor: Robe              |     2 |       |       |       ||     2
Dodge: Dodged            |    18 |    20 |    18 |     9 ||    65
